 Dungeon Crawl Stone Soup version 0.27-a0-1500-g450c7e4133 (webtiles) character file.

Game seed: 7892823323848897819

735 garrulousMonolith the Chopper (level 7, -5/61 HPs)
             Began as a Hill Orc Fighter on July 7, 2021.
             Slain by Pikel (14 damage)
             ... on level 5 of the Dungeon.
             The game lasted 00:05:40 (4938 turns).

garrulousMonolith the Chopper (Hill Orc Fighter)    Turns: 4938, Time: 00:05:41

Health: -5/61      AC:  8    Str: 20    XL:     7   Next: 74%
Magic:  10/10      EV: 13    Int:  9    God:
Gold:   212        SH:  5    Dex: 10    Spells: 6/6 levels left

rFire    + . .     SeeInvis .   q - +1 short sword (venom)
rCold    . . .     Faith    .   o - +0 buckler {rF+}
rNeg     . . .     Spirit   .   b - +0 scale mail
rPois    .         Reflect  .   r - +0 helmet
rElec    .         Harm     .   (no cloak)
rCorr    .         Rampage  .   (no gloves)
Will     .....                  (no boots)
Stlth    ..........             (no amulet)
HPRegen  0.20/turn              m - +4 ring of evasion
MPRegen  0.12/turn              (no ring)

@: no status effects
A: no striking features
a: no special abilities


You were on level 5 of the Dungeon.
You visited 1 branch of the dungeon, and saw 5 of its levels.

You collected 212 gold pieces.

Inventory:

Hand Weapons
 a - a +0 war axe
 h - a +0 trident
 q - a +1 short sword of venom (weapon)
Missiles
 n - a throwing net
 t - 7 boomerangs (quivered)
Armour
 b - a +0 scale mail (worn)
 c - a +0 kite shield
 o - a +0 buckler of fire resistance (worn)
 r - a +0 helmet (worn)
Jewellery
 m - a +4 ring of evasion (left hand)
Scrolls
 e - a scroll of summoning {unknown}
 g - 2 scrolls of amnesia {unknown}
 j - a scroll of fear {unknown}
 k - 2 scrolls of identify
 l - a scroll of immolation {unknown}
 p - 2 scrolls of teleportation {unknown}
Potions
 d - a potion of might
 f - a potion of mutation
 i - 3 potions of brilliance


   Skills:
 + Level 5.4 Fighting
 * Level 6.8 Axes
 + Level 4.8 Armour
 + Level 5.0 Shields
 + Level 4.1 Invocations


You had 6 spell levels left.
You didn't know any spells.
Your spell library contained the following spells:

 Spells                   Type           Power      Damage    Failure   Level
 Ignite Poison            Fire/Tmut/Pois 0%         N/A       97%         3
 Mephitic Cloud           Conj/Pois/Air  0%         N/A       97%         3
 Bolt of Magma            Conj/Fire/Erth 0%         4d4       100%        5


Dungeon Overview and Level Annotations

Branches:
Dungeon (5/15)
 Temple: D:4-7

Altars:
Ru

Annotations:
D:5 Pikel


Message History

You kill the orc!
You block Pikel's attack.
You hit Pikel.
Pikel is lightly wounded.
Pikel closely misses you.
You hit Pikel.
Pikel is lightly wounded.
You block Pikel's attack.
You slash Pikel!
Pikel is moderately wounded.
You hit the lemure. The lemure misses you.
Pikel hits you with a +1 whip of electrocution!
A lemure comes into view.
You closely miss Pikel.
Pikel is moderately wounded.
You slash the lemure! The lemure hits you. Pikel barely misses you.
Your +1 short sword of venom begins to drip with poison!
q - a +1 short sword of venom (weapon)
Pikel closely misses you. The lemure hits you!
You closely miss Pikel.
Pikel is moderately wounded.
Pikel closely misses you.
You closely miss Pikel.
Pikel is moderately wounded.
An orc comes into view. It is wielding a +0 hand axe.
Pikel hits you with a +1 whip of electrocution.
You are electrocuted!
The lemure hits you!
* * * LOW HITPOINT WARNING * * *
You block the orc's attack.
Your scale mail prevents you from hitting Pikel.
Pikel is moderately wounded.
Pikel hits you with a +1 whip of electrocution!
* * * LOW HITPOINT WARNING * * *
The lemure hits you.
* * * LOW HITPOINT WARNING * * *
You block the orc's attack.
You miss Pikel.
Pikel is moderately wounded.
Pikel hits you but does no damage.
You are electrocuted!
You die...

. .. .# ##. #. ..##
(..##.####...##
..............#
#...........# .#.#
#.(.....#.#.# ######...#
#.oo#.#.#.#
.........#.#.#.#K#.#.#.#
.........#.#.#.#@#.#.#.#
.........#.#.#5o5#.#.#.##
.........#.#...o5..#.#..#
.........#...........#..#
...)).##......##........#
....)....#.#.# #######..#
###.)).#.....# ##.##
...#.#.#####.### #(.#
##.#.....#.>†..# ##.##


You could see Pikel, 3 lemures and 4 orcs.

Vanquished Creatures
  Duvessa (D:5)
  Blork the orc (D:5)
  A scorpion (D:5)
  Dowan (D:5)
  A bullfrog zombie (D:5)
  A hound (D:3)
  A gnoll shaman (D:3)
  A centaur skeleton (D:5)
  Jessica (D:2)
  Natasha (twice) (D:2)
  An orc wizard (D:5)
  Robin (D:2)
  4 gnolls
  5 adders
  A white imp (D:5)
  An adder skeleton (D:4)
  A worm (D:2)
  2 dart slugs
  12 orcs
  6 bats
  5 endoplasms
  2 giant cockroaches
  10 goblins
  11 hobgoblins
  6 jackals
  8 kobolds
  A quokka (D:1)
  10 ball pythons
  4 frilled lizards
  7 rats
109 creatures vanquished.

Vanquished Creatures (others)
  4 toadstools (D:1)
4 creatures vanquished.

Grand Total: 113 creatures vanquished

Notes
Turn   | Place    | Note
-------+----------+-------------------------------------------
     0 | D:1      | garrulousMonolith the Hill Orc Fighter began the quest for
                  | the Orb.
     0 | D:1      | Reached XP level 1. HP: 19/19 MP: 1/1
    50 | D:1      | Reached skill level 3 in Axes
   182 | D:1      | Reached XP level 2. HP: 26/27 MP: 2/2
   222 | D:1      | Reached skill level 1 in Invocations
   846 | D:2      | Reached XP level 3. HP: 33/33 MP: 3/3
  1325 | D:2      | Reached XP level 4. HP: 33/40 MP: 5/5
  1494 | D:2      | Noticed Natasha
  1505 | D:2      | Killed Natasha
  1506 | D:2      | Reached skill level 4 in Axes
  1676 | D:2      | Noticed Jessica
  1684 | D:2      | Killed Jessica
  1685 | D:2      | Reached XP level 5. HP: 43/46 MP: 6/6
  1809 | D:2      | Noticed Robin
  1819 | D:2      | Killed Robin
  2063 | D:2      | Noticed Natasha
  2070 | D:2      | Killed Natasha
  2405 | D:3      | Reached skill level 5 in Axes
  2798 | D:3      | Reached XP level 6. HP: 46/53 MP: 8/8
  3817 | D:4      | Found a sacrificial altar of Ru.
  4006 | D:5      | Entered Level 5 of the Dungeon
  4006 | D:5      | Noticed Blork the orc
  4024 | D:5      | Killed Blork the orc
  4154 | D:5      | Noticed Dowan
  4155 | D:5      | Noticed Duvessa
  4161 | D:5      | Killed Duvessa
  4162 | D:5      | Reached skill level 5 in Fighting
  4162 | D:5      | Reached skill level 6 in Axes
  4162 | D:5      | Reached XP level 7. HP: 49/61 MP: 9/9
  4165 | D:5      | Killed Dowan
  4591 | D:5      | Reached skill level 5 in Shields
  4923 | D:5      | Noticed Pikel
  4938 | D:5      | Slain by Pikel

Illustrated notes

Levels and vault maps discovered:
D:1:      ldierk_walled_garden_2, layout_loops_ring, st_stairs_3,
          minmay_pentomino_x2
D:2:      layout_loops_ring, lightli_corner_chamber, uniq_natasha, uniq_jessica,
          uniq_robin
D:3:      layout_loops_cross, kennysheep_potato
D:4:      layout_cave_pools, lemuel_crystal_altar, minivault_25
D:5:      layout_basic, overflow_temple_1_default,
          minmay_temple_entry_antechambers, minmay_misc_feat_more_columns,
          uniq_sigmund, uniq_blork_the_orc, uniq_duvessa, uniq_pikel

Skill      XL: |  1  2  3  4  5  6  7 |
---------------+----------------------+-----
Axes           | 3 4 5 6 |  6.8
Invocations    | 1 2 3 4 |  4.1
Fighting       | 4 5 |  5.4
Shields        | 4 5 |  5.0
Armour         | 4 |  4.8

Action                   |  1- 3 |  4- 6 |  7- 9 || total
-------------------------+-------+-------+-------++-------
Melee: War axe           |    97 |   199 |    51 ||   347
       Short sword       |       |     4 |    11 ||    15
  Use: Scroll            |       |     3 |       ||     3
       Potion            |       |       |     4 ||     4
Armor: Scale mail        |    34 |    83 |    28 ||   145
Dodge: Dodged            |    38 |   143 |    47 ||   228
Block: Kite shield       |    47 |       |       ||    47
       Buckler           |     2 |    48 |    19 ||    69

Table legend: (Time is in decaauts)
 A = Elapsed time spent in this place.
 B = Non-inter-level travel time spent in this place.
 C = Inter-level travel time spent in this place.
 D = Time resting spent in this place.
 E = Time spent auto-exploring this place.
 F = Levels seen in this place.
 G = Mean time per level.
                   A        B        C        D        E       F      G
               +--------+--------+--------+--------+--------+-----+--------+
         Total |   5062 |   4893 |    169 |    702 |   3282 |   5 | 1012.4 |
       Dungeon |   5062 |   4893 |    169 |    702 |   3282 |   5 | 1012.4 |
               +--------+--------+--------+--------+--------+-----+--------+

Top non-repeatable levels by time:
     D:2: 1404 daAuts
     D:3: 1140 daAuts
     D:5: 933 daAuts
     D:1: 875 daAuts
     D:4: 708 daAuts
